 Dungeon Sprint DCSS version 0.30-a0-42-g806c11bf1d (webtiles) character file.

Game seed: 18397229232295586745

30 Zeldest the Insei (level 3, -1/28 HPs)
             Began as a Vine Stalker Transmuter on Aug 31, 2022.
             Was an Initiate of Cheibriados.
             Slain by a troll (3 damage)
             ... in the Dungeon (Sprint IX: "|||||||||||||||||||||||||||||").
             The game lasted 00:00:55 (108 turns).

Zeldest the Insei (Vine Stalker Transmuter)          Turns: 108, Time: 00:00:56

Health: -1/28      AC: 21    Str: 15    XL:     3   Next: 20%
Magic:  0/8        EV:  2    Int: 14    God:    Cheibriados [......]
Gold:   0          SH:  0    Dex: 15    Spells: 7/8 levels left

rFire   . . .      SeeInvis .      - Unarmed
rCold   . . .      Faith    .    (no shield)
rNeg    . . .      Spirit   +    (body armour currently unavailable)
rPois   +          Reflect  .    (helmet currently unavailable)
rElec   .          Harm     .    (cloak currently unavailable)
rCorr   .          Rampage  .    (gloves currently unavailable)
Will    .....      NoTele   +    (boots currently unavailable)
Stlth   +.........               (no amulet)
HPRegen 0.09/turn                l - +2 ring of evasion
MPRegen 0.11/turn                m - +2 ring of evasion

@: tree-form, very slow
A: stationary, stasis, torment immunity, boosted hp, (fangs 2), magic shield,
(antimagic bite), no potion heal 2
a: Renounce Religion


You were in the Dungeon.
You worshipped Cheibriados.
Cheibriados was noncommittal.
You were a tree.
You visited 1 branch

Inventory:

Armour
 a - a +0 robe
 i - a +0 pair of gloves (melded)
 j - a +0 helmet (melded)
 k - a +0 plate armour (melded)
Jewellery
 l - a +2 ring of evasion (left branch)
 m - a +2 ring of evasion (right branch)
Wands
 h - a wand of iceblast (10)
Scrolls
 f - 2 scrolls of amnesia
 g - 2 scrolls of blinking
Potions
 c - 5 potions of curing
 d - a potion of invisibility
 e - 4 potions of magic


   Skills:
 + Level 2.4 Fighting
 - Level 2.6 Dodging
 + Level 4.0 Unarmed Combat
 - Level 3.4 Spellcasting
 + Level 3.3 Transmutations


You had 7 spell levels left.
You knew the following spells:

 Your Spells              Type           Power      Damage    Failure   Level
a - Beastly Appendage     Tmut           22%        N/A       5%          1

Your spell library contained the following spells:

 Spells                   Type           Power      Damage    Failure   Level
 Wereblood                Tmut           11%        N/A       9%          2
 Spider Form              Tmut/Pois      7%         N/A       30%         3
 Ice Form                 Ice/Tmut       7%         N/A       71%         4


Dungeon Overview and Level Annotations

Branches:
Dungeon (1/1)

Altars:
Cheibriados
Dithmenos
Elyvilon
Fedhas
Gozag
Hepliaklqana
Kikubaaqudgha
Makhleb
Nemelex Xobeh
Okawaru
Qazlal
Ru
Sif Muna
Trog
Uskayaw
Vehumet
Wu Jian
Xom
Yredelemnul
Zin
The Shining One
Jiyva
Lugonu


Innate Abilities, Weirdness & Mutations

You are a tree.
Your roots penetrate the ground, keeping you stationary.
You cannot be teleported.
You are immune to unholy pain and torment.
Your maximum health is greatly increased.
Your equipment is partially melded.
((You have extremely sharp teeth.))
When hurt, damage is shared between your health and your magic reserves.
((Your bite disrupts and absorbs the magic of your enemies.))
Potions cannot restore your health.


Message History

You see here a +0 pair of gloves.
You start putting on your armour.
You continue putting on your +0 pair of gloves. x4
You finish putting on your +0 pair of gloves.
You see here a +0 helmet.
You start putting on your armour.
You continue putting on your +0 helmet. x4
You finish putting on your +0 helmet.
You see here a +0 plate armour.
You start removing your armour.
You continue taking off your +0 robe. x4
You finish taking off your +0 robe.
You start putting on your armour.
You continue putting on your +0 plate armour. x5
You finish putting on your +0 plate armour.
l - a +2 ring of evasion
l - a +2 ring of evasion (left hand)
m - a +2 ring of evasion
m - a +2 ring of evasion (right hand)
Casting: Beastly Appendage (safe; 99% risk of failure)
Confirm with . or Enter, or press ? or * to list all spells.
Okay, then.
Okay, then.
Okay, then.
As you open the door, it creaks loudly!
A troll, a hornet, a centaur, a wyvern, a yak and a vampire mosquito come into view.
The troll shouts!
The hornet buzzes angrily.
The wyvern hisses angrily.
The yak bellows!
The vampire mosquito buzzes angrily.
Really quaff the potion of lignification?
You turn into a tree.
Your +0 helmet melds into your body.
Your +0 pair of gloves melds into your body.
Your +0 plate armour melds into your body.
Your roots penetrate the ground.
The troll bites you!
* * * LOW HITPOINT WARNING * * *
The troll claws you but does no damage. x2
You hit the troll but do no damage. The troll bites you but does no damage.
The troll claws you but does no damage. The troll claws you!
* * * LOW HITPOINT WARNING * * *
You hit the troll but do no damage. You punch the troll.
The troll is lightly wounded.
The troll bites you but does no damage. The troll claws you.
You die...

▓!▓
▓.▓
▓)▓
▓.▓
▓.▓
▓.▓
▓.▓
▓.▓
▓♣▓
▓T▓
▓y▓
▓c▓
▓l▓
▓Y▓
▓y▓
▓.▓


You could see a yak, a troll, a hornet, a wyvern, a vampire mosquito and a
centaur.

Vanquished Creatures
  2 adders (D)
  2 orcs (D)
  A bat (D)
  3 endoplasms (D)
  A goblin (D)
  A jackal (D)
10 creatures vanquished.

Notes
Turn   | Place    | Note
-------+----------+-------------------------------------------
     0 | D        | Zeldest the Vine Stalker Transmuter began the quest for the
                  | Orb.
     0 | D        | Reached XP level 1. HP: 9/9 MP: 4/4
     6 | D        | Reached skill level 1 in Fighting
    13 | D        | Reached XP level 2. HP: 6/14 MP: 1/6
    36 | D        | Reached skill level 4 in Unarmed Combat
    36 | D        | Reached XP level 3. HP: 4/19 MP: 8/8
    40 | D        | Found a snail-covered altar of Cheibriados.
    40 | D        | Found a shadowy altar of Dithmenos.
    40 | D        | Found a white marble altar of Elyvilon.
    40 | D        | Found a blossoming altar of Fedhas.
    40 | D        | Found an opulent altar of Gozag.
    41 | D        | Found a hazy altar of Hepliaklqana.
    42 | D        | Found a viscous altar of Jiyva.
    43 | D        | Found an ancient bone altar of Kikubaaqudgha.
    44 | D        | Became a worshipper of Cheibriados the Contemplative
    45 | D        | Found a corrupted altar of Lugonu.
    46 | D        | Found a burning altar of Makhleb.
    47 | D        | Found a sparkling altar of Nemelex Xobeh.
    48 | D        | Found an iron altar of Okawaru.
    49 | D        | Found a stormy altar of Qazlal.
    50 | D        | Found a sacrificial altar of Ru.
    51 | D        | Found a shimmering blue altar of Sif Muna.
    52 | D        | Found a bloodstained altar of Trog.
    53 | D        | Found a hide-covered altar of Uskayaw.
    54 | D        | Found a radiant altar of Vehumet.
    55 | D        | Found an ornate altar of the Wu Jian Council.
    56 | D        | Found a shimmering altar of Xom.
    57 | D        | Found a basalt altar of Yredelemnul.
    58 | D        | Found a glowing silver altar of Zin.
    59 | D        | Found a glowing golden altar of the Shining One.
   105 | D        | Noticed a troll
   105 | D        | Noticed a hornet
   105 | D        | Noticed a centaur
   105 | D        | Noticed a wyvern
   105 | D        | Noticed a yak
   105 | D        | Noticed a vampire mosquito
   108 | D        | Slain by a troll

Illustrated notes

Levels and vault maps discovered:
D:        linesprint [early_d, line_temple, items_1, d_10, items_2, lair_1,
          lair_end, items_3, orc_1, orc_end, items_4, d_15, swamp_1, shoals_1,
          snake_1, spider_1, d_20, vaults_1, items_5, swamp_end, shoals_end,
          snake_end, spider_end, vaults_end, d_27, items_6, zot_1, zot_end,
          crypt_end, forest_end, elf_end, slime_end, tomb_end, abyss_end,
          pan_hell_end]

Skill      XL: |  1  2 |
---------------+-------+-----
Fighting       | 1 2 |  2.4
Dodging        | 2 |  2.6
Spellcasting   | 3 |  3.4
Transmutations | 3 |  3.3
Unarmed Combat | 4 |  4.0

Action                   || total
-------------------------++-------
Melee: Unarmed           ||    21
       Kick              ||     3
       Bite              ||     3
       Headbutt          ||     2
       Punch             ||     2
 Cast: Beastly Appendage ||     2
  Use: Potion            ||     3
Armor: Robe              ||     3
       Skin              ||     5
Dodge: Dodged            ||     7

Table legend: (Time is in decaauts)
 A = Elapsed time spent in this place.
 B = Non-inter-level travel time spent in this place.
 C = Inter-level travel time spent in this place.
 D = Time resting spent in this place.
 E = Time spent auto-exploring this place.
 F = Levels seen in this place.
 G = Mean time per level.
                   A        B        C        D        E       F      G
               +--------+--------+--------+--------+--------+-----+--------+
         Total |    113 |    113 |      0 |      0 |      0 |   1 |  113.0 |
       Dungeon |    113 |    113 |      0 |      0 |      0 |   1 |  113.0 |
               +--------+--------+--------+--------+--------+-----+--------+

Top non-repeatable levels by time:
       D: 113 daAuts
